 Dungeon Crawl Stone Soup version 0.31-a0-128-g25add195a6 (webtiles) character file.

Game seed: 16602402137072007271

10528 TittyCrusher the Bludgeoner (level 11, -2/86 HPs)
             Began as an Armataur Fighter on June 2, 2023.
             Was an Initiate of Gozag.
             Slain by a komodo dragon (16 damage)
             ... on level 1 of the Lair of Beasts.
             The game lasted 00:20:06 (9982 turns).

TittyCrusher the Bludgeoner (Armataur Fighter)      Turns: 9982, Time: 00:20:07

Health: -2/86      AC: 16    Str: 21    XL:     11   Next: 37%
Magic:  20/20      EV:  8    Int:  9    God:    Gozag
Gold:   175        SH:  0    Dex: 14    Spells: 10/10 levels left

rFire   + . .        b - +3 flail
rCold   + . .        n - orb {*Rage}
rNeg    + . .        A - +3 ring mail of Shadows and Fog {rN+ Slay+3}
rPois   +            F - +1 helmet {SInv}
rElec   +            G - +1 cloak
rCorr   +            o - +2 pair of gloves
SInv    +            (no barding)
Will    .....        (no amulet)
Stlth   +            x - ring of magical power
HPRegen 0.34/turn    e - ring of resist corrosion
MPRegen 0.17/turn

%: random rage (23%), roll
@: resistant, on berserk cooldown, slowed, unable to read, very slow
A: large, rugged brown scales 3, deformed body, armoured tail, roll, long
tongue, awkward tongue, hooves 1, berserk 1, wild magic 1, inability to read
after injury 1, MP-powered wands
a: Renounce Religion, Potion Petition, Call Merchant, Bribe Branch


You were on level 1 of the Lair of Beasts.
You worshipped Gozag.
Gozag was aware of your devotion.
You visited 3 branches of the dungeon, and saw 12 of its levels.

You collected 1461 gold pieces.
You spent 425 gold pieces at shops.
You paid 861 gold pieces to Gozag.

Inventory:

Hand Weapons
 a - a +1 flail of venom
 b - a +3 flail (weapon)
 I - a +0 sling
Missiles
 f - 8 poisoned darts
 k - 15 javelins
Armour
 m - the scarf of Midwinter {rC+ rF+, rN+ Int+2 Dex-5}
   (You acquired it on level 7 of the Dungeon)

   Int:       It affects your intelligence (+2).
   Dex:       It affects your dexterity (-5).
   rN:        It protects you from negative energy.
 n - an orb of wrath (worn)
 o - a +2 pair of gloves (worn)
 A - the +3 ring mail of Shadows and Fog (worn) {rN+ Slay+3}
   (You bought it in a shop on level 10 of the Dungeon)

   Slay:      It affects your accuracy & damage with ranged weapons and melee
   (+3).
   rN:        It protects you from negative energy.
 F - a +1 helmet of see invisible (worn)
 G - a +1 cloak (worn)
 H - a +2 plate armour of willpower
 J - the +1 helmet of Lust {Int+2}
   (You bought it in a shop on level 10 of the Dungeon)

   Int:       It affects your intelligence (+2).
Jewellery
 e - a ring of resist corrosion (right hand)
 x - a ring of magical power (left hand)
Wands
 p - a wand of iceblast (6)
 q - a wand of flame (40)
 r - a wand of acid (3)
 y - a wand of paralysis (9)
Scrolls
 c - a scroll of magic mapping
 d - a scroll of summoning
 g - 7 scrolls of teleportation
 h - a scroll of poison
 i - a scroll of fog
 l - 2 scrolls of vulnerability
 u - 4 scrolls of immolation
 v - a scroll of fear
 B - a scroll of brand weapon
 C - 3 scrolls of identify
 K - a scroll of enchant armour
Potions
 j - 2 potions of enlightenment
 s - 2 potions of invisibility
 t - 2 potions of heal wounds
 w - 3 potions of might
 z - a potion of lignification
 D - 3 potions of curing
 E - a potion of attraction


   Skills:
 - Level 2.6 Fighting
 + Level 16.3 Maces & Flails
 - Level 3.6 Armour
 - Level 3.2 Shields


You had 10 spell levels left.
You didn't know any spells.
Your spell library contained the following spells:

 Spells                   Type           Power      Damage    Failure   Level
 Necrotise                Necr           0%         1d4       63%         1
 Cigotuvi's Dreadful Rot  Necr/Pois/Air  0%         N/A       77%         2
 Scorch                   Fire           0%         2d5       77%         2
 Sublimation of Blood     Necr           0%         N/A       77%         2
 Dazzling Flash           Conj/Hex       0%         N/A       93%         3
 Ignite Poison            Fire/Tmut/Pois 0%         N/A       93%         3
 Inner Flame              Hex/Fire       0%         N/A       93%         3
 Vampiric Draining        Necr           0%         2d6       93%         3
 Volatile Blastmotes      Fire/Tloc      0%         2d10      93%         3
 Flame Wave               Conj/Fire      0%         2d4       100%        4
 Iskenderun's Mystic Bla  Conj/Tloc      0%         2d3       100%        4
 Petrify                  Tmut/Erth      0%         N/A       100%        4
 Agony                    Necr           0%         N/A       100%        5
 Freezing Cloud           Conj/Ice/Air   0%         6-21      100%        5
 Irradiate                Conj/Tmut      0%         3d11      100%        5
 Summon Forest            Summ/Tloc      0%         N/A       100%        5
 Yara's Violent Unravell  Hex/Tmut       0%         3d3       100%        5
 Eringya's Noxious Bog    Tmut/Pois      0%         N/A       100%        6
 Starburst                Conj/Fire      0%         6d3       100%        6
 Summon Cactus Giant      Summ           0%         N/A       100%        6
 Enfeeble                 Hex            0%         N/A       100%        7
 Summon Hydra             Summ           0%         N/A       100%        7


Dungeon Overview and Level Annotations

Branches:
Dungeon (10/15)            Temple (1/1) D:6            Lair (1/5) D:10
    Orc: D:9-12

Altars:
Ashenzari
Cheibriados
Dithmenos
Elyvilon
Fedhas
Gozag
Hepliaklqana
Kikubaaqudgha
Makhleb
Nemelex Xobeh
Okawaru
Qazlal
Ru
Sif Muna
Trog
Uskayaw
Vehumet
Wu Jian
Xom
Yredelemnul
Zin
The Shining One

Shops:
D:7 :   D:10 [


Innate Abilities, Weirdness & Mutations

You are completely covered in rugged brown scales. (AC +3, +7% HP)
Armour fits poorly on your strangely shaped body.
You have a long armoured tail.
You roll when moving toward enemies. (Rampage)
Your long tongue fully drains potion bottles. (2x potion effects)
Your tongue gives you trouble enunciating. (1.5x scroll delay)
You have large cloven feet.
You sometimes lose your temper in combat.
Your spells are a little harder to cast, but a little more powerful.
You occasionally lose the ability to read scrolls when taking damage.
You expend magic power (3 MP) to strengthen your wands.


Message History

The blink frog croaks.
You hear a bellow!
The yak is distracted by your dazzling golden aura. x2
The yak bellows! x2
The blink frog is distracted by your dazzling golden aura. x2
The blink frog is no longer distracted by gold. x2
The blink frog blinks!
The blink frog is distracted by your dazzling golden aura.
The yak is distracted by your dazzling golden aura.
The yak bellows! x2
The yak is no longer distracted by gold. x3
The blink frog is no longer distracted by gold.
You sock the blink frog! You kick the blink frog.
Your tail-slap misses the blink frog.
The blink frog is heavily wounded.
The blink frog hits you!
The blink frog hits you but does no damage.
You sock the blink frog!
The blink frog is almost dead.
The blink frog blinks!
You completely miss the blink frog.
The blink frog is almost dead.
The blink frog hits you!
The blink frog blinks!
You completely miss the komodo dragon.
You kick the komodo dragon, but do no damage.
You tail-slap the komodo dragon!
The komodo dragon is lightly wounded.
The komodo dragon bites you!!
You feel threatened and lose the ability to read scrolls!
Unknown command. [a] - 240 gold - resistance [b] - 460 gold - heal wounds, magic and resistance [c] - 360 gold - resistance and enlightenment Purchase which effect?
You no longer have enough gold to petition Gozag for potion effects.
You feel protected. The blink frog hits you!
* * * LOW HITPOINT WARNING * * *
The komodo dragon bites you!
You die...
Your body crumbles into a pile of gold.

#####..#.# #..#
♣♣P♣
#...#####.###
♣P♣
##...##...#.##
♣♣ ##........♣.♣
#.........♣
........###...♣♣
.......###.#...♣
#.......#
####F♣♣
.#......# #@♣
#.....## ##l♣♣
##.... ###YYY♣ $
#.... #P.FY♣♣ $
..###....♣
.......$.♣
.......#$.♣
.......#..#
..........#


You could see a komodo dragon, 4 yaks and 2 blink frogs.

Vanquished Creatures
  A two-headed ogre (D:9)
  A cyclops (D:10)
  Joseph (D:7)
  A black mamba (Lair:1)
  A cane toad (Lair:1)
  Psyche (D:10)
  A kobold demonologist (D:10)
  A komodo dragon (Lair:1)
  A troll (D:10)
  2 blink frogs (Lair:1)
  4 slime creatures (D:8)
  A vampire (D:10)
  3 wyverns
  10 yaks
  A steam dragon (D:7)
  2 acid dragons
  2 water moccasins
  2 ice beasts
  2 ogres
  2 black bears
  2 sky beasts (D:7)
  6 wolves (Lair:1)
  A centaur (D:6)
  A phantom (D:7)
  3 bullfrogs
  5 wights (D:8)
  19 killer bees
  An electric eel (D:8)
  5 howler monkeys
  A jelly (D:4)
  5 hounds
  5 orc priests
  2 gnoll boudas
  5 iguanas
  10 orc wizards
  11 adders
  12 gnolls
  A shadow imp (D:6)
  2 white imps
  3 ufetubi
  5 dart slugs
  36 orcs
  6 ball pythons
  5 endoplasms
  5 giant cockroaches
  6 hobgoblins
  9 jackals
  A quokka (D:4)
  2 bats
  5 frilled lizards
  6 goblins
  8 kobolds
  4 rats
238 creatures vanquished.

Notes
Turn   | Place    | Note
-------+----------+-------------------------------------------
     0 | D:1      | TittyCrusher the Armataur Fighter began the quest for the
                  | Orb.
     0 | D:1      | Reached XP level 1. HP: 19/19 MP: 1/1
    20 | D:1      | Reached skill level 2 in Maces & Flails
    54 | D:1      | Reached XP level 2. HP: 26/26 MP: 2/2
    81 | D:1      | Reached skill level 3 in Maces & Flails
   182 | D:1      | Reached XP level 3. HP: 31/32 MP: 3/3
   636 | D:2      | Reached skill level 4 in Maces & Flails
   636 | D:2      | Reached XP level 4. HP: 32/39 MP: 4/4
  1367 | D:3      | Reached XP level 5. HP: 44/44 MP: 5/5
  1492 | D:3      | Reached skill level 5 in Maces & Flails
  2730 | D:4      | Reached skill level 6 in Maces & Flails
  2730 | D:4      | Reached XP level 6. HP: 53/53 MP: 6/6
  2935 | D:5      | Entered Level 5 of the Dungeon
  3321 | D:5      | Reached skill level 7 in Maces & Flails
  3321 | D:5      | Reached XP level 7. HP: 54/59 MP: 7/7
  3482 | D:5      | Gained mutation: You expend magic power (3 MP) to
                  | strengthen your wands. [potion of mutation]
  3482 | D:5      | Gained mutation: You occasionally lose the ability to read
                  | scrolls when taking damage. [potion of mutation]
  3482 | D:5      | Gained mutation: Your muscles are strong. (Str +4, Int/Dex
                  | -1) [potion of mutation]
  3482 | D:5      | Lost mutation: Your muscles are strong. (Str +4, Int/Dex
                  | -1) [potion of mutation]
  3482 | D:5      | Gained mutation: Your spells are a little harder to cast,
                  | but a little more powerful. [potion of mutation]
  3482 | D:5      | Gained mutation: You sometimes lose your temper in combat.
                  | [potion of mutation]
  3482 | D:5      | Gained mutation: You have large cloven feet. [potion of
                  | mutation]
  3510 | D:5      | Reached skill level 8 in Maces & Flails
  4044 | D:5      | Reached XP level 8. HP: 56/66 MP: 8/8
  4351 | D:6      | Reached skill level 9 in Maces & Flails
  4892 | D:6      | Found a staircase to the Ecumenical Temple.
  4902 | Temple   | Entered the Ecumenical Temple
  5079 | Temple   | Became a worshipper of Gozag Ym Sagoz the Greedy
  5244 | D:6      | Found a shadowy altar of Dithmenos.
  5482 | D:7      | Reached skill level 10 in Maces & Flails
  5643 | D:7      | Identified the +7 spear "Causmicw" {elec, Fly Str+3}
  5794 | D:7      | Found Cywikhl Jeac's Book Shoppe.
  5881 | D:7      | Noticed Joseph
  5890 | D:7      | Killed Joseph
  5891 | D:7      | Reached skill level 11 in Maces & Flails
  5891 | D:7      | Reached XP level 9. HP: 60/72 MP: 9/9
  6503 | D:7      | Identified a scroll of acquirement
  6505 | D:7      | Acquired the scarf of Midwinter {rC+ rF+, rN+ Int+2 Dex-5}
  6743 | D:8      | Reached skill level 12 in Maces & Flails
  6858 | D:8      | Found a broken altar of Ashenzari.
  6901 | D:8      | Reached skill level 13 in Maces & Flails
  7115 | D:8      | Reached XP level 10. HP: 54/79 MP: 10/10
  7513 | D:8      | Found a sparkling altar of Nemelex Xobeh.
  7513 | D:8      | Found a stormy altar of Qazlal.
  7801 | D:9      | Noticed a two-headed ogre
  7809 | D:9      | Killed a two-headed ogre
  7918 | D:9      | Reached skill level 14 in Maces & Flails
  8454 | D:9      | Reached skill level 15 in Maces & Flails
  8785 | D:10     | Entered Level 10 of the Dungeon
  8785 | D:10     | Found a staircase to the Lair.
  8824 | D:10     | Found Zeanixir's Antique Armour Shoppe.
  8832 | D:10     | Bought a smelly ring mail for 207 gold pieces
  8832 | D:10     | Identified the +3 ring mail of Shadows and Fog {rN+ Slay+3}
                  | (You bought it in a shop on level 10 of the Dungeon)
  8842 | D:10     | Bought an ichor-stained helmet for 218 gold pieces
  8842 | D:10     | Identified the +1 helmet of Lust {Int+2} (You bought it in
                  | a shop on level 10 of the Dungeon)
  8847 | D:10     | Noticed Psyche
  8933 | D:10     | Killed Psyche
  9259 | D:10     | Reached XP level 11. HP: 86/86 MP: 11/11
  9727 | Lair:1   | Entered Level 1 of the Lair of Beasts
  9942 | Lair:1   | Reached skill level 16 in Maces & Flails
  9982 | Lair:1   | Slain by a komodo dragon

Illustrated notes

Levels and vault maps discovered:
D:1:      heliophobic_arrival_ceremonial_halls, layout_rooms
D:2:      layout_loops_ring, minmay_misc_feat_secret_circle
D:3:      layout_loops_ring, serial_park_tiny_2
D:4:      layout_basic
D:5:      dreamdust_elfheim, layout_basic, kennysheep_cross_bottleneck,
          kennysheep_minor_cross, minmay_chambers_of_fives
D:6:      layout_rooms, mainiacjoe_overflow_alcove_4,
          minmay_temple_entry_proselytizer
D:7:      layout_gridville, serial_shops, shop, minmay_misc_feat_four_crosses,
          uniq_joseph
D:8:      layout_cave_pools, nicolae_ashenzari_skybound,
          nicolae_overflow_two_pavilions
D:9:      layout_small_grid
D:10:     layout_loops_corners, lair_entry_dummy, serial_shops, shop,
          uniq_psyche
Temple:   nicolae_temple_bog_church
Lair:1:   wad_woods_structure_01, layout_layer_cave, serial_bayou_shore_a

Skill      XL: |  1  2  3  4  5  6  7  8  9 10 11 |
---------------+----------------------------------+-----
Maces & Flails | 2 3 4 6 7 8 11 13 15 16 | 16.3
Fighting       | |  2.6
Armour         | |  3.6
Shields        | |  3.2

Action                     |  1- 3 |  4- 6 |  7- 9 | 10-12 || total
---------------------------+-------+-------+-------+-------++-------
  Melee: Flail             |    85 |   196 |   266 |   213 ||   760
         Tailslap          |     9 |    21 |    52 |    24 ||   106
         Kick              |       |       |    72 |    68 ||   140
         Unarmed           |       |       |       |     1 ||     1
   Fire: Sling             |     1 |       |       |       ||     1
 Invoke: Potion Petition   |       |       |       |     3 ||     3
    Use: Potion            |       |     2 |     3 |       ||     5
         Scroll            |       |     2 |    14 |     5 ||    21
   Stab: Distracted        |       |       |       |     1 ||     1
 Armour: Scale mail        |    50 |    89 |   132 |       ||   271
         Plate armour      |       |       |    12 |    45 ||    57
         Ring mail         |       |       |       |    25 ||    25
         Skin              |       |       |       |     2 ||     2
  Dodge: Dodged            |    26 |    64 |    77 |    30 ||   197
  Block: Buckler           |    14 |    21 |    22 |       ||    57

Table legend: (Time is in decaauts)
 A = Elapsed time spent in this place.
 B = Non-inter-level travel time spent in this place.
 C = Inter-level travel time spent in this place.
 D = Time resting spent in this place.
 E = Time spent auto-exploring this place.
 F = Levels seen in this place.
 G = Mean time per level.
                   A        B        C        D        E       F      G
               +--------+--------+--------+--------+--------+-----+--------+
         Total |  10373 |   9984 |    389 |   1537 |   6210 |  12 |  864.4 |
       Dungeon |   9916 |   9551 |    365 |   1471 |   5951 |  10 |  991.6 |
        Temple |    201 |    178 |     23 |      0 |    139 |   1 |  201.0 |
          Lair |    254 |    254 |      0 |     66 |    120 |   1 |  254.0 |
               +--------+--------+--------+--------+--------+-----+--------+

Top non-repeatable levels by time:
     D:7: 1479 daAuts
     D:5: 1434 daAuts
     D:4: 1140 daAuts
     D:8: 1094 daAuts
     D:9: 988 daAuts
    D:10: 951 daAuts
     D:2: 881 daAuts
     D:3: 804 daAuts
     D:6: 620 daAuts
     D:1: 523 daAuts
  Lair:1: 254 daAuts
  Temple: 201 daAuts
